 Dungeon Crawl Stone Soup version 0.29-a0-8-g0446c0dae4 (webtiles) character file.

Game seed: 11815795086588066891

58 testman the Caller (level 4, -5/38 HPs)
             Began as a Gnoll Wanderer on Jan 27, 2022.
             Was a Follower of Kikubaaqudgha.
             Slain by a worm (7 damage)
             ... on level 3 of the Dungeon.
             The game lasted 00:09:27 (2941 turns).

testman the Caller (Gnoll Wanderer)                 Turns: 2941, Time: 00:09:27

Health: -5/38      AC:  4    Str:  9    XL:     4   Next: 2%
Magic:  8/8        EV: 14    Int: 11    God:    Kikubaaqudgha [*.....]
Gold:   59         SH:  0    Dex: 16    Spells: 7/8 levels left

rFire   . . .      SeeInvis .   a - +0 dagger
rCold   . . .      Faith    .   (no shield)
rNeg    . . .      Spirit   .   c - +0 robe
rPois   .          Reflect  .   (no helmet)
rElec   .          Harm     .   (no cloak)
rCorr   .          Rampage  .   g - +0 pair of gloves
Will    .....                   b - +0 pair of boots
Stlth   ++........              (no amulet)
HPRegen 0.12/turn               o - ring of wizardry
MPRegen 0.11/turn               (no ring)

@: no status effects
A: fangs 1, strong nose, distributed training
a: Renounce Religion, Receive Corpses


You were on level 3 of the Dungeon.
You worshipped Kikubaaqudgha.
Kikubaaqudgha was aware of your devotion.
You visited 1 branch of the dungeon, and saw 3 of its levels.

You collected 59 gold pieces.

Inventory:

Hand Weapons
 a - a +0 dagger (weapon)
Missiles
 e - 25 stones
 i - 4 curare-tipped darts
 m - 7 poisoned darts
 n - 15 sling bullets
Armour
 b - a +0 pair of boots (worn)
 c - a +0 robe (worn)
 g - a +0 pair of gloves (worn)
Jewellery
 o - a ring of wizardry (left hand)
Scrolls
 h - 2 scrolls of teleportation {unknown}
 l - 3 scrolls of identify {unknown}
 p - a scroll of fog {unknown}
Potions
 d - 2 potions of curing
 f - a potion of flight {unknown}
 j - 2 potions of invisibility {unknown}
 k - a potion of brilliance {unknown}


   Skills:
 + Level 4.6 Fighting
 + Level 1.0 Short Blades
 + Level 1.0 Long Blades
 + Level 1.0 Axes
 + Level 1.0 Maces & Flails
 + Level 1.0 Polearms
 + Level 1.0 Staves
 + Level 1.0 Slings
 + Level 1.0 Bows
 + Level 1.0 Crossbows
 + Level 2.7 Throwing
 + Level 1.0 Armour
 + Level 4.6 Dodging
 + Level 1.0 Stealth
 + Level 1.0 Shields
 + Level 2.7 Unarmed Combat
 + Level 2.9 Spellcasting
 + Level 0.7 Conjurations
 + Level 0.7 Hexes
 + Level 5.4 Summonings
 + Level 0.7 Necromancy
 + Level 0.7 Translocations
 + Level 0.7 Transmutations
 + Level 0.7 Fire Magic
 + Level 0.7 Ice Magic
 + Level 0.7 Air Magic
 + Level 0.7 Earth Magic
 + Level 0.7 Poison Magic
 + Level 1.1 Invocations
 + Level 1.0 Evocations


You had 7 spell levels left.
You knew the following spells:

 Your Spells              Type           Power      Damage    Failure   Level
a - Summon Small Mammal   Summ           52%        N/A       1%          1

Your spell library contained the following spells:

 Spells                   Type           Power      Damage    Failure   Level
 Animate Skeleton         Necr           6%         N/A       9%          1
 Sublimation of Blood     Necr           3%         N/A       12%         2
 Ozocubu's Armour         Ice            3%         N/A       24%         3
 Vampiric Draining        Necr           3%         2d6       24%         3
 Summon Ice Beast         Ice/Summ       8%         N/A       28%         4
 Summon Lightning Spire   Summ/Air       8%         N/A       28%         4
 Agony                    Necr           3%         N/A       89%         5
 Metabolic Englaciation   Hex/Ice        1%         N/A       89%         5
 Simulacrum               Ice/Necr       1%         N/A       100%        6


Dungeon Overview and Level Annotations

Branches:
Dungeon (3/15)

Altars:
Kikubaaqudgha

Shops:
D:2 [


Innate Abilities, Weirdness & Mutations

You have very sharp teeth.
Your uncanny sense of smell can sniff out nearby items.
Your experience applies equally to all skills.


Message History

Your rat bites the worm.
What are your orders? t - Bark!
Orders for allies: a - Attack new target. r - Retreat! s - Stop attacking. g - Guard the area. f - Follow me.
Anything else - Cancel.
Gang up on whom?
Press: ? - help, Dir - move target, f - worm
Aim: a worm (lightly wounded, ally target) Attack!
Your rat barely misses the worm.
You hit the worm.
The worm is lightly wounded.
You hit the worm but do no damage.
The worm is lightly wounded.
Your rat completely misses the worm.
The worm barely misses you.
You hit the worm but do no damage.
The worm is lightly wounded.
Your rat bites the worm.
You barely miss the worm. You bite the worm, but do no damage.
The worm is lightly wounded.
Your rat bites the worm.
The worm closely misses you.
You barely miss the worm.
The worm is lightly wounded.
Your rat barely misses the worm.
You barely miss the worm.
The worm is lightly wounded.
Your rat barely misses the worm.
The worm bites you.
* * * LOW HITPOINT WARNING * * *
You hit the worm.
The worm is lightly wounded.
Your rat bites the worm.
The worm closely misses you.
You hit the worm. You bite the worm, but do no damage.
The worm is moderately wounded.
Your rat bites the worm but does no damage.
You hit the worm.
The worm is moderately wounded.
Your rat bites the worm.
The worm bites you!
You die...
Kikubaaqudgha rasps: "You have failed me!
Welcome... death!"

#####.#.# #.....#.#
#.#####.########
#.# #.......... #.#
#..######## #.#
#..## #.# ##...##
#.# #.<...#######
#.##♣♣♣♣♣♣♣♣..@.#
#..♣♣♣♣♣..P♣.##w#
#....♣P.P....##r#
....#♣...P♣♣♣♣###.#
#####♣♣♣♣♣♣ #.# #.#
#.# #.# #.#


You could see a worm (ally target) and a friendly rat (summoned).

Vanquished Creatures
  An adder (D:2)
  A dart slug (D:1)
  4 orcs (D:3)
  2 endoplasms (D:1)
  2 goblins (D:2)
  3 hobgoblins
  6 kobolds
  2 quokkas
  2 ball pythons (D:1)
  3 bats
  A frilled lizard (D:1)
  3 rats (D:1)
30 creatures vanquished.

Vanquished Creatures (collateral kills)
  2 worms (D:2)
  An orc (D:3)
  A ball python (D:2)
  A frilled lizard (D:2)
5 creatures vanquished.

Grand Total: 35 creatures vanquished

Notes
Turn   | Place    | Note
-------+----------+-------------------------------------------
     0 | D:1      | testman the Gnoll Wanderer began the quest for the Orb.
     0 | D:1      | testman set off with the following items: a +0 dagger, a +0
                  | pair of boots, a +0 robe, a potion of curing; and the
                  | following spell memorised: Summon Small Mammal; and the
                  | following spells available to memorise: Summon Ice Beast,
                  | Summon Lightning Spire
     0 | D:1      | Reached XP level 1. HP: 20/20 MP: 4/4
   358 | D:1      | Reached XP level 2. HP: 21/26 MP: 5/5
   611 | D:1      | Found a faded altar of an unknown god.
   675 | D:1      | Prayed at the altar of an unknown god.
   675 | D:1      | Became a worshipper of Kikubaaqudgha
   675 | D:1      | Reached * piety under Kikubaaqudgha
   675 | D:1      | Received a gift from Kikubaaqudgha
  1606 | D:2      | Found Susunul's Armour Shop.
  1848 | D:2      | Reached XP level 3. HP: 31/31 MP: 5/7
  2434 | D:2      | Reached skill level 1 in Invocations
  2863 | D:3      | Reached skill level 1 in Short Blades
  2863 | D:3      | Reached skill level 1 in Long Blades
  2863 | D:3      | Reached skill level 1 in Axes
  2863 | D:3      | Reached skill level 1 in Maces & Flails
  2863 | D:3      | Reached skill level 1 in Polearms
  2863 | D:3      | Reached skill level 1 in Staves
  2863 | D:3      | Reached skill level 1 in Slings
  2863 | D:3      | Reached skill level 1 in Bows
  2863 | D:3      | Reached skill level 1 in Crossbows
  2863 | D:3      | Reached skill level 1 in Armour
  2863 | D:3      | Reached skill level 1 in Stealth
  2863 | D:3      | Reached skill level 1 in Shields
  2863 | D:3      | Reached skill level 1 in Evocations
  2884 | D:3      | HP: 1/31 [orc (2)]
  2890 | D:3      | HP: 1/31 [orc (1)]
  2905 | D:3      | Reached XP level 4. HP: 3/38 MP: 6/8
  2941 | D:3      | Slain by a worm

Illustrated notes

Levels and vault maps discovered:
D:1:      dpeg_arrival_arbitrary_a, layout_basic,
          dreamdust_ecumenical_altar_sealed_demon, serial_forest,
          infiniplex_forest_straight_3, infiniplex_forest_clump_double,
          infiniplex_forest_zigzag_2, infiniplex_forest_straight_3
D:2:      layout_rooms, serial_shops, shop
D:3:      layout_loops_ring, marbit_many_paths, serial_forest,
          infiniplex_forest_end_3, infiniplex_forest_zigzag_1,
          infiniplex_forest_lined_room_3, infiniplex_forest_lined_corner,
          infiniplex_forest_clump_curved, infiniplex_forest_end_1,
          infiniplex_forest_lined_4_way, infiniplex_forest_end_1

Skill      XL: |  1  2  3 |
---------------+----------+-----
Invocations    | 1 |  1.1
Short Blades   | 1 |  1.0
Long Blades    | 1 |  1.0
Axes           | 1 |  1.0
Maces & Flails | 1 |  1.0
Polearms       | 1 |  1.0
Staves         | 1 |  1.0
Slings         | 1 |  1.0
Bows           | 1 |  1.0
Crossbows      | 1 |  1.0
Armour         | 1 |  1.0
Stealth        | 1 |  1.0
Shields        | 1 |  1.0
Evocations     | 1 |  1.0
Fighting       | |  4.6
Throwing       | |  2.7
Dodging        | |  4.6
Unarmed Combat | |  2.7
Spellcasting   | |  2.9
Conjurations   | |  0.7
Hexes          | |  0.7
Summonings     | |  5.4
Necromancy     | |  0.7
Translocations | |  0.7
Transmutations | |  0.7
Fire Magic     | |  0.7
Ice Magic      | |  0.7
Air Magic      | |  0.7
Earth Magic    | |  0.7
Poison Magic   | |  0.7

Action                   |  1- 3 |  4- 6 || total
-------------------------+-------+-------++-------
Melee: Dagger            |   225 |     9 ||   234
       Bite              |    28 |     2 ||    30
       Punch             |     5 |       ||     5
 Cast: Summon Small Mamm |    11 |     2 ||    13
 Stab: Sleeping          |     2 |       ||     2
Armor: Robe              |    55 |       ||    55
Dodge: Dodged            |   135 |     3 ||   138

Table legend: (Time is in decaauts)
 A = Elapsed time spent in this place.
 B = Non-inter-level travel time spent in this place.
 C = Inter-level travel time spent in this place.
 D = Time resting spent in this place.
 E = Time spent auto-exploring this place.
 F = Levels seen in this place.
 G = Mean time per level.
                   A        B        C        D        E       F      G
               +--------+--------+--------+--------+--------+-----+--------+
         Total |   2933 |   2850 |     83 |    867 |   1516 |   3 |  977.7 |
       Dungeon |   2933 |   2850 |     83 |    867 |   1516 |   3 |  977.7 |
               +--------+--------+--------+--------+--------+-----+--------+

Top non-repeatable levels by time:
     D:1: 1605 daAuts
     D:2: 980 daAuts
     D:3: 348 daAuts
